 Dungeon Crawl Stone Soup version 0.26.0-57-g60708a5e39 (webtiles) character file.

Game seed: 8973363202728571867

118 trckry the Bolt Thrower (level 5, 0/30 HPs)
             Began as a Tengu Hunter on Feb 1, 2021.
             Shot with an arrow by a centaur (1 damage)
             ... on level 7 of the Dungeon.
             The game lasted 00:07:33 (2221 turns).

trckry the Bolt Thrower (Tengu Hunter)              Turns: 2221, Time: 00:07:34

Health: 0/30       AC:  9    Str: 13      XL:     5   Next: 2%
Magic:  6/6        EV:  7    Int: 11      God:
Gold:   149        SH:  4    Dex: 13 (15) Spells: 4/4 levels left

rFire    . . .     SeeInvis .   b - +0 hand axe (curse)
rCold    . . .     Faith    .   f - +0 buckler
rNeg     . . .     Spirit   .   m - +0 chain mail
rPois    .         Reflect  .   (helmet restricted)
rElec    .         Harm     .   (no cloak)
rCorr    .         Rampage  .   j - +0 pair of gloves
Will     .....                  (boots unavailable)
Stlth    ..........             (no amulet)
HPRegen  0.10/turn              (no ring)
MPRegen  0.10/turn              (no ring)

@: flying quickly and evasively, quick
A: beak, talons 3, able to fly
a: Stop Flying


You were on level 7 of the Dungeon.
You visited 1 branch of the dungeon, and saw 5 of its levels.

You collected 149 gold pieces.

Inventory:

Hand Weapons
 a - a +1 hand crossbow
 b - a cursed +0 hand axe (weapon)
Missiles
 d - 19 bolts
 n - a throwing net (quivered)
Armour
 f - a +0 buckler (worn)
 j - a +0 pair of gloves (worn)
 m - a +0 chain mail (worn)
Scrolls
 k - 2 scrolls of magic mapping
Potions
 e - a potion of brilliance {unknown}
 g - 5 potions of curing
 h - a potion of haste {unknown}
 i - 2 potions of cancellation {unknown}
 l - a potion of attraction {unknown}


   Skills:
 + Level 2.3 Fighting
 + Level 1.2 Staves
 * Level 5.1 Crossbows
 + Level 1.4 Armour
 + Level 2.8 Dodging
 - Level 1.0 Stealth
 + Level 1.2 Shields
 + Level 0.8 Invocations
 + Level 1.1 Evocations


You had 4 spell levels left.
You didn't know any spells.
Your spell library contained the following spells:

 Spells                   Type           Power        Failure   Level
 Beastly Appendage        Tmut           0%           100%        1
 Wereblood                Tmut           0%           100%        2
 Spider Form              Tmut/Pois      0%           100%        3
 Ice Form                 Ice/Tmut       0%           100%        4
 Blade Hands              Tmut           0%           100%        5


Dungeon Overview and Level Annotations

Branches:
Dungeon (7/15)
 Temple: D:4-7

Altars:
Xom

Shops:
D:7 [

Annotations:
D:7 Prince Ribbit


Innate Abilities, Weirdness & Mutations

You have a beak for a mouth.
You have claws for feet.
You can fly continuously.


Message History

A centaur skeleton comes into view.
Prince Ribbit blinks!
You block the jackal's attack.
The jackal bites you but does no damage. x2
The sky beast flickers out of sight!
A sky beast appears from thin air!
Reactivating autopickup.
The jackal bites you but does no damage.
Found a leather armour.
A sky beast appears from thin air!
You block the jackal's attack.
A centaur comes into view.
The centaur shouts!
Prince Ribbit blinks!
The centaur wields a +0 shortbow.
The centaur shoots an arrow.
The arrow hits you!
* * * LOW HITPOINT WARNING * * *
You see here an arrow.
The sky beast flickers out of sight!
Deactivating autopickup; reactivate with Ctrl-A.
The centaur shoots an arrow.
The arrow hits you.
You die...

....... .##..#
..c.... .#...#
....... ......
.......##......
.....#.........
...[...........
#...........#
.#..##...Z.@#.# ..
.....#####.h..##...
#.....###h..F.....
##.............###.
# #......##Y§....#
..#.....###......#
..........{......###
#
#.......h........##
..
#....ho.#o........#


You could see Prince Ribbit, a sky beast, a centaur, 3 jackals and a centaur
skeleton.

Vanquished Creatures
  3 gnolls (D:2)
  2 adders
  An adder zombie (D:2)
  An adder skeleton (D:2)
  A worm (D:2)
  4 dart slugs
  2 leopard geckos
  2 giant cockroaches (D:2)
  11 goblins
  8 hobgoblins
  3 kobolds (D:1)
  A ball python (D:1)
  8 frilled lizards
  2 giant cockroach zombies (D:2)
  A quokka zombie (D:2)
  6 rats
56 creatures vanquished.

Vanquished Creatures (others)
  2 ogres (D:7)
  An iguana (D:7)
  2 worker ants (D:7)
  An adder (D:7)
  A shadow imp (D:7)
  An orc (D:7)
  4 toadstools (D:1)
  A withered plant (D:2)
13 creatures vanquished.

Grand Total: 69 creatures vanquished

Notes
Turn   | Place    | Note
-------+----------+-------------------------------------------
     0 | D:1      | trckry the Tengu Hunter began the quest for the Orb.
     0 | D:1      | Reached XP level 1. HP: 12/12 MP: 2/2
   109 | D:1      | Reached XP level 2. HP: 17/17 MP: 3/3
   310 | D:1      | Reached XP level 3. HP: 13/21 MP: 4/4
  1008 | D:2      | Reached skill level 1 in Armour
  1008 | D:2      | Reached skill level 1 in Shields
  1072 | D:2      | Reached XP level 4. HP: 26/26 MP: 5/5
  1176 | D:2      | Reached skill level 1 in Staves
  1178 | D:2      | Reached skill level 5 in Crossbows
  1278 | D:2      | Reached skill level 1 in Evocations
  1754 | D:3      | Noticed a sky beast
  1983 | D:3      | Gained mutation: You can fly continuously. [Tengu growth]
  1983 | D:3      | Reached XP level 5. HP: 30/30 MP: 6/6
  2099 | D:4      | Noticed an ogre
  2130 | D:4      | You are sucked into a shaft and drop 3 floors!
  2135 | D:7      | Noticed an ice beast
  2138 | D:7      | Killed an ogre
  2144 | D:7      | Killed an ogre
  2158 | D:7      | HP: 3/30 [quasit (2)]
  2170 | D:7      | Noticed a sky beast
  2171 | D:7      | Noticed an orc warrior
  2171 | D:7      | Noticed a sky beast
  2172 | D:7      | Found a shimmering altar of Xom.
  2202 | D:7      | Found Qiwullub's Antique Armour Emporium.
  2206 | D:7      | Noticed Prince Ribbit
  2220 | D:7      | Noticed a centaur
  2220 | D:7      | HP: 1/30 [centaur/arrow (7)]
  2221 | D:7      | Shot with an arrow by a centaur

Illustrated notes

Levels and vault maps discovered:
D:1:      ldierk_water_garden, layout_rooms
D:2:      layout_loops_cross, serial_undead, serial_undead_d, serial_undead_c,
          serial_undead_d, serial_undead_e
D:3:      layout_basic
D:4:      layout_rooms, serial_shops, shop, hangedman_abyss_or_decor_passed
D:7:      layout_cave_pools, serial_shops, shop, xom_confusion_cloud,
          uniq_crazy_yiuf_cottage, uniq_prince_ribbit1

Skill      XL: |  1  2  3  4 |
---------------+-------------+-----
Armour         | 1 |  1.4
Shields        | 1 |  1.2
Staves         | 1 |  1.2
Crossbows      | 5 |  5.1
Evocations     | 1 |  1.1
Fighting       | |  2.3
Dodging        | |  2.8
Stealth        | |  1.0
Invocations    | |  0.8

Action                   |  1- 3 |  4- 6 || total
-------------------------+-------+-------++-------
Melee: Short sword       |    48 |       ||    48
       Peck              |    12 |    15 ||    27
       Kick              |    20 |    17 ||    37
       Hand axe          |    32 |    74 ||   106
 Fire: Hand crossbow     |     6 |       ||     6
 Abil: Fly               |       |     1 ||     1
  Use: Scroll            |     2 |     2 ||     4
       Potion            |       |     1 ||     1
 Stab: Sleeping          |     3 |       ||     3
Armor: Leather armour    |    17 |    13 ||    30
       Chain mail        |       |    62 ||    62
Dodge: Dodged            |    34 |    60 ||    94
Block: Buckler           |    12 |    22 ||    34
